 Dungeon Crawl Stone Soup version 0.17-a0-1945-gfe993df (webtiles) character file.

17 esc the Insei (level 2, 0/18 HPs)
             Began as an Octopode Transmuter on Sept 30, 2015.
             Slain by a bat (1 damage)
             ... on level 1 of the Dungeon.
             The game lasted 00:00:48 (572 turns).

esc the Insei (Octopode Transmuter)                  Turns: 572, Time: 00:00:48

Health: 0/18       AC:  1    Str:  9    XL:     2   Next: 62%
Magic:  5/5        EV: 12    Int: 15    God:
Gold:   0          SH:  0    Dex: 12    Spells: 1 memorised, 4 levels left

rFire  . . .     SeeInvis .       - Unarmed
rCold  . . .     Clarity  .     (no shield)
rNeg   . . .     SustAt   .     (helmet restricted)
rPois  .         Gourm    .     (no amulet)
rElec  .         Spirit   .     (no ring)
rCorr  .         Warding  .     (no ring)
rMut   .         Stasis   .     (no ring)
MR     .....                    (no ring)
Stlth  ++........               (no ring)
                                (no ring)
                                (no ring)
                                (no ring)

@: hasted, very quick, not resistant to hostile enchantments, unstealthy
A: almost no armour, amphibious, 8 rings, constrict 8, camouflage 1, gelatinous
body 1
a: no special abilities


You were on level 1 of the Dungeon.
You were not hungry.

You visited 1 branch of the dungeon, and saw 1 of its levels.

Inventory:

Missiles
 a - 27 arrows
Books
 b - a book of Changes
Comestibles
 c - a bread ration {@e1}
 f - 5 chunks of flesh {@w0}


   Skills:
 + Level 1.4 Fighting
 + Level 2.0 Dodging
 + Level 3.1 Unarmed Combat
 + Level 2.1 Spellcasting
 + Level 2.4 Transmutations


You had 4 spell levels left.
You knew the following spells:

 Your Spells              Type           Power        Failure   Level  Hunger
a - Beastly Appendage     Trmt           #.....       10%         1    #......


Dungeon Overview and Level Annotations

Branches:
Dungeon (1/15)

Altars:


Innate Abilities, Weirdness & Mutations

You cannot wear most types of armour.
You are amphibious.
You can wear up to eight rings at the same time.
You can use your tentacles to constrict eight enemies at once.
Your skin changes colour to match your surroundings (Stealth).
Your rubbery body absorbs attacks (AC +1).


Message History

A goblin comes into view. It is wielding an enchanted dagger.
You tentacle-slap the bat but do no damage.
You grab the bat. You squeeze the bat, but do no damage. You constrict the bat.
The bat barely misses you.
The bat struggles to escape constriction. x2
You barely miss the bat. You squeeze the bat.
You kill the bat!
The kobold throws a stone.
The stone hits you.
You barely miss the goblin. You grab the goblin.
You constrict the goblin, but do no damage.
The goblin hits you but does no damage.
You tentacle-slap the goblin.
You kill the goblin!
You see here a bat corpse.
You barely miss the kobold. You grab the kobold. You tentacle-slap the kobold.
You kill the kobold!
You take 2 damage, and have 14/18 hp.
No target in view!
No target in view!
No target in view!
No target in view!
No target in view!
No target in view!
No target in view!
No target in view!
No target in view!
No target in view!
No target in view!
No target in view!
No target in view!
No target in view!
No target in view!
No target in view!
No target in view!
No target in view!
No target in view!
No target in view!
You butcher the bat corpse.
f - 4 chunks of flesh {@w0} (gained 1)
You see here a bat skeleton.
Things that are here:
a dagger; 2 stones; a kobold corpse You butcher the kobold corpse.
Things that are here:
a dagger; 2 stones; an inedible chunk of flesh {@w0} You see here a bat skeleton.
Things that are here:
an enchanted dagger; a goblin corpse You butcher the goblin corpse.
f - 5 chunks of flesh {@w0} (gained 1)
You see here an enchanted dagger.
You see here a bat skeleton.
Things that are here:
a dagger; 2 stones; an inedible chunk of flesh {@w0} A kobold comes into view.
You regained 2 hp, and now have 16/18 hp.
A bat comes into view.
A goblin and 2 hobgoblins come into view.
The bat hits you but does no damage.
The hobgoblin shouts! x2
The kobold shouts!
The bat closely misses you. The bat misses you. The kobold barely misses you.
You barely miss the kobold. Your grab misses the kobold. The bat misses you.
You closely miss the kobold. Your grab misses the kobold.
The bat closely misses you. The kobold hits you.
You take 3 damage, and have 13/18 hp.
You tentacle-slap the hobgoblin. Your grab misses the hobgoblin.
The bat hits you. The hobgoblin closely misses you.
The kobold barely misses you.
You take 1 damage, and have 12/18 hp.
You tentacle-slap the hobgoblin. You grab the hobgoblin.
You constrict the hobgoblin, but do no damage.
The bat hits you but does no damage. The kobold closely misses you.
The hobgoblin closely misses you.
You tentacle-slap the hobgoblin but do no damage.
You squeeze the hobgoblin.
You kill the hobgoblin!
The kobold barely misses you. The bat hits you.
The hobgoblin closely misses you. The goblin hits you.
You tentacle-slap the kobold.
You kill the kobold!
The bat closely misses you. The goblin hits you.
* * * LOW HITPOINT WARNING * * *
The hobgoblin hits you with a club.
* * * LOW HITPOINT WARNING * * *
You are too injured to fight recklessly!
You are too injured to fight recklessly!
You are too injured to fight recklessly!
You are too injured to fight recklessly!
You take 10 damage, and have 2/18 hp.
MASSIVE DAMAGE!!
The bat barely misses you. The bat barely misses you. The bat hits you.
* * * LOW HITPOINT WARNING * * *
You take 1 damage, and have 1/18 hp.
Drink which item? (? for menu, Esc to quit)
It was a potion of haste.
You feel yourself speed up. The bat hits you.
You die...

.....#.....#..#.#.#.#
.###
................#.#.#
...#
....########.##.#.#.#....
###.# #......#.#..### #.#
####.###.#'...## #.#
#.#.#........
#.#.#)....... ###.##
######.#.#........ ......
........@gg†.'...##
###.## #######.b...#..###
###.###. ###.........
....... . #.###......
#....##.# #.. ......
#........ #.## #.###
#.....# #.. .# #.....#
### # #.....#


You could see a hobgoblin, a goblin and a bat.

Vanquished Creatures
  A giant gecko (D:1)
  2 bats (D:1)
  4 hobgoblins (D:1)
  2 giant cockroaches (D:1)
  A giant newt (D:1)
  3 goblins (D:1)
  2 kobolds (D:1)
15 creatures vanquished.

Notes
Turn   | Place    | Note
--------------------------------------------------------------
     0 | D:1      | esc the Octopode Transmuter began the quest for the Orb.
     0 | D:1      | Reached XP level 1. HP: 13/13 MP: 3/3
   135 | D:1      | Reached XP level 2. HP: 6/18 MP: 5/5
   568 | D:1      | HP: 2/18 [hobgoblin/club (3)]
   572 | D:1      | Slain by a bat

Vault maps used:
D:1:      kilobyte_arrival_exit_the_forest, st_stairs_3, minmay_unequal

Action                   || total
-------------------------++-------
Melee: Unarmed           ||    31
  Use: Scroll            ||     3
       Potion            ||     1
 Stab: Sleeping          ||     1

Vault maps used:
D:1:      kilobyte_arrival_exit_the_forest, st_stairs_3, minmay_unequal

Table legend:
 A = Turns spent in this place as a percentage of turns spent in the entire game.
 B = Non-inter-level travel turns spent in this place as a percentage of non-inter-level travel turns spent in the entire game.
 C = Inter-level travel turns spent in this place as a percentage of turns spent in this place.
 D = Turns resting spent in this place as a percentage of non-inter-level travel turns spent in this place.
 E = Turns spent auto-exploring this place as a percentage of non-inter-level travel turns spent in this place.
 F = Non-inter-level travel turns spent in this place divided by the number of levels of this place that you've seen.
                   A       B       C       D       E      F
               +-------+-------+-------+-------+-------+----------------------
         Total | 100.0 | 100.0 |   0.0 |   0.9 |   6.3 | 221.0
       Dungeon | 100.0 | 100.0 |   0.0 |   0.9 |   6.3 | 221.0
               +-------+-------+-------+-------+-------+----------------------

Table legend:
 A = Kills in this place as a percentage of kills in entire the game.
 B = Kills by you in this place as a percentage of kills by you in the entire game.
 C = Kills by friends in this place as a percentage of kills by friends in the entire game.
 D = Other kills in this place as a percentage of other kills in the entire game.
 E = Experience gained in this place as a percentage of experience gained in the entire game.
 F = Experience gained in this place divided by the number of levels of this place that you have seen.
                   A       B       C       D       E      F
               +-------+-------+-------+-------+-------+----------------------
         Total | 100.0 | 100.0 |  -nan |  -nan | 100.0 |  25.0
       Dungeon | 100.0 | 100.0 |  -nan |  -nan | 100.0 |  25.0
               +-------+-------+-------+-------+-------+----------------------
